 Dungeon Crawl Stone Soup version 0.21.1-1-g345015f (webtiles) character file.

369 sankara the Cudgeler (level 6, 37/37 HPs)
             Began as a Gargoyle Monk on Apr 3, 2018.
             Was a Believer of Okawaru.
             Got out of the dungeon alive.
             The game lasted 00:14:50 (4207 turns).

sankara the Cudgeler (Gargoyle Monk)                Turns: 4207, Time: 00:14:51

Health: 37/37      AC: 14    Str: 16    XL:     6   Next: 70%
Magic:  6/6        EV: 11    Int: 10    God:    Okawaru [**....]
Gold:   206        SH:  0    Dex: 13    Spells: 5/5 levels left

rFire    . . .     SeeInvis .   a - +0 mace
rCold    . . .     Gourm    .   (no shield)
rNeg     + . .     Faith    .   v - +0 ring mail
rPois    ∞         Spirit   .   m - +0 helmet
rElec    +         Reflect  .   q - +0 cloak
rCorr    .         Harm     .   h - +2 pair of gloves
MR       .....                  (no boots)
Stlth    +.........             (no amulet)
HPRegen  0.12/turn              (no ring)
MPRegen  0.10/turn              (no ring)

@: no status effects
A: negative energy resistance 1, electricity resistance, unbreathing,
petrification resistance, rot immunity, AC +4
a: Heroism, Renounce Religion


You escaped.
You worshipped Okawaru.
Okawaru was pleased with you.
You were not hungry.

You visited 1 branch of the dungeon, and saw 4 of its levels.

You collected 206 gold pieces.

Inventory:

Hand Weapons
 a - a +0 mace (weapon)
 b - a +0 hunting sling
   (You found it on level 4 of the Dungeon)
Missiles
 e - 100 stones (quivered)
 l - 27 sling bullets
Armour
 h - a +2 pair of gloves (worn)
   (You found it on level 1 of the Dungeon)
 m - a +0 helmet (worn)
   (You found it on level 1 of the Dungeon)
 q - a +0 cloak (worn)
   (You found it on level 3 of the Dungeon)
 v - a +0 ring mail (worn)
   (You took it off an orc priest on level 4 of the Dungeon)
Wands
 r - a wand of acid (11)
   (You took it off an orc on level 4 of the Dungeon)
Scrolls
 f - 2 scrolls of teleportation {unknown}
 i - 2 scrolls of noise {unknown}
 k - 5 scrolls of identify {unknown}
 n - 3 scrolls of fog {unknown}
 o - a scroll of amnesia {unknown}
 p - a scroll of magic mapping {unknown}
 t - 3 scrolls of immolation {unknown}
 x - 2 scrolls of remove curse {unknown}
Potions
 d - a potion of flight {unknown}
 g - a potion of heal wounds {unknown}
 j - 2 potions of mutation {unknown}
 s - a potion of resistance {unknown}
Comestibles
 c - 7 rations


   Skills:
 - Level 3.2 Fighting
 + Level 7.3 Maces & Flails
 - Level 2.4 Dodging
 - Level 2.1 Stealth


You had 5 spell levels left.
You didn't know any spells.

Dungeon Overview and Level Annotations

Branches:
Dungeon (4/15)
 Temple: D:4-7

Altars:
Dithmenos
Gozag
Hepliaklqana
Okawaru
Sif Muna
Wu Jian
Xom

Annotations:
D:3 exclusion: door


Innate Abilities, Weirdness & Mutations

You are resistant to torment.
Your stone body is resilient. (AC +4)
You are immune to poison.
You resist negative energy. (rN+)
You are resistant to electric shocks. (rElec)
You can survive without breathing.
You are immune to petrification.
You are immune to rotting.


Message History

The howler monkey is moderately wounded.
The howler monkey barely misses you.
You hit the howler monkey.
The howler monkey is moderately wounded.
The howler monkey hits you.
You hit the howler monkey.
The howler monkey is severely wounded.
The howler monkey hoots and howls with incredible vigour!
The howler monkey closely misses you.
You hear an angry hiss.
Some of the chunks of flesh in your inventory have rotted away.
You barely miss the howler monkey.
The howler monkey is severely wounded.
The howler monkey hits you.
You closely miss the howler monkey.
The howler monkey is severely wounded.
The howler monkey barely misses you.
You completely miss the howler monkey.
The howler monkey is severely wounded.
The howler monkey hits you but does no damage. x2
You sock the howler monkey!
You kill the howler monkey!
You see here a howler monkey corpse.
You butcher the howler monkey corpse.
y - 2 chunks of flesh {@w0} (gained 1)
Found a stone staircase leading down.
A leopard gecko comes into view.
A leopard gecko is nearby!
The leopard gecko hisses angrily.
You hit the leopard gecko.
You kill the leopard gecko!
No target in view!
Some of the chunks of flesh in your inventory have rotted away.
Key pressed, stopping explore.
Key pressed, stopping explore.
Done exploring.
Done exploring.
Search for what [Enter for "armour", or ? for help]?
Okay, then.
Search for what [Enter for "armour", or ? for help]? waru Eating a chunk of flesh {@w0}.
You eat the chunk of flesh {@w0}.
This raw flesh tastes terrible.
You see here a dagger.
You see here a falchion.
You see here an iguana skeleton.
There is an iron altar of Okawaru here.
You kneel at the altar of Okawaru.
Okawaru welcomes you!
You can now gain great but temporary skills.
Unknown command.
Press < or > to pray at altars.
Unknown command.
Press < or > to pray at altars.
Unknown command.
Press < or > to pray at altars.
Welcome back, sankara the Gargoyle Monk.
Okawaru says: Bring me glory in combat!
Press ? for a list of commands and other information.
Save game and exit?
Welcome back, sankara the Gargoyle Monk.
Okawaru says: Bring me glory in combat!
Press ? for a list of commands and other information.
Welcome back, sankara the Gargoyle Monk.
Okawaru says: Bring me glory in combat!
Press ? for a list of commands and other information.
Welcome back, sankara the Gargoyle Monk.
Okawaru says: Bring me glory in combat!
Press ? for a list of commands and other information.
No previous command to re-do.
Unknown command.
Press < or > to pray at altars.
Unknown command.
Press < or > to pray at altars.
(D) Dungeon
Where to? (? - help)
What level of the Dungeon? (default 1, ? - help)
There is a stone staircase leading up here.
You see here a +0 leather armour.
You climb upwards.
Level annotation: exclusion: door
There is a stone staircase leading down here.
There is an open door here.
There is an open door here.
There is a stone staircase leading up here.
You climb upwards.
There is a stone staircase leading down here.
There is a stone staircase leading up here.
You climb upwards.
There is a stone staircase leading down here.
(D) Dungeon
Where to? (Enter - D:1, ? - help) You're already here!
You see here a spear.
Things that are here:
a club x2
There is an open door here.
There is an open door here.
There is a staircase leading out of the dungeon here.
Are you sure you want to leave the Dungeon?
This will make you lose the game!
You have escaped!

###############
#.............#
####.###########'###########
.....#........#8.8#........#
.....#........#...#........#
.(...#...⌠....##'##....⌠...#
..##.##...................##
####)#######....@....######
.....# ##.......##...#
###..################....#
..#..##..................#
#.......##...###.####....#
.............# #.##...#..#
........########.........##
.#........#####..#..###...#
##.####.#........#.## ###.#


There were no monsters in sight!

Vanquished Creatures
  A howler monkey (D:4)
  2 orc priests (D:4)
  2 hounds (D:4)
  2 iguanas
  4 adders
  An ooze (D:1)
  6 worms
  2 dart slugs (D:1)
  2 leopard geckos
  10 orcs
  6 giant cockroaches
  5 hobgoblins
  11 jackals
  8 kobolds
  2 quokkas
  A ball python (D:4)
  8 bats
  4 frilled lizards
  8 goblins
  A jackal skeleton (D:4)
  A leopard gecko skeleton (D:4)
  6 rats
93 creatures vanquished.

Notes
Turn   | Place    | Note
-------+----------+-------------------------------------------
     0 | D:1      | sankara the Gargoyle Monk began the quest for the Orb.
     0 | D:1      | Reached XP level 1. HP: 14/14 MP: 1/1
    90 | D:1      | Reached XP level 2. HP: 18/19 MP: 2/2
   551 | D:1      | Reached skill level 4 in Maces & Flails
   744 | D:1      | Reached XP level 3. HP: 23/23 MP: 3/3
  1386 | D:2      | Found an ornate altar of the Wu Jian Council.
  1513 | D:2      | Reached XP level 4. HP: 28/28 MP: 4/4
  1597 | D:2      | Found a hazy altar of Hepliaklqana.
  1908 | D:3      | Reached skill level 5 in Maces & Flails
  2199 | D:3      | Found a deep blue altar of Sif Muna.
  2312 | D:3      | Found a shimmering altar of Xom.
  2312 | D:3      | Found a shadowy altar of Dithmenos.
  2553 | D:3      | Reached XP level 5. HP: 32/32 MP: 5/5
  2933 | D:3      | Reached skill level 6 in Maces & Flails
  3275 | D:4      | Found an opulent altar of Gozag.
  3377 | D:4      | Reached XP level 6. HP: 21/37 MP: 6/6
  3730 | D:4      | Reached skill level 7 in Maces & Flails
  3804 | D:4      | Found an iron altar of Okawaru.
  4092 | D:4      | Became a worshipper of Warmaster Okawaru
  4092 | D:4      | Reached * piety under Okawaru
  4092 | D:4      | Reached ** piety under Okawaru
  4207 | D:$      | Got out of the dungeon alive.

Skill      XL: |  1  2  3  4  5  6 |
---------------+-------------------+-----
Maces & Flails | 4 5 6 7 |  7.3
Fighting       | |  3.2
Dodging        | |  2.4
Stealth        | |  2.1

Action                   |  1- 3 |  4- 6 || total
-------------------------+-------+-------++-------
Melee: Mace              |   137 |   214 ||   351
 Fire: Hunting sling     |       |     2 ||     2
Throw: Stone             |     1 |     6 ||     7
 Stab: Sleeping          |     6 |     5 ||    11
  Eat: Chunk             |     2 |     9 ||    11
Armor: Robe              |    49 |    40 ||    89
       Leather armour    |       |    20 ||    20
       Ring mail         |       |    24 ||    24
Dodge: Dodged            |    85 |   127 ||   212

Vault maps used:
D:1:      giann_wishing_wells
D:2:      old_standard_altar, lemuel_doored_altar
D:3:      gammafunk_temple_overflow_wave, first_ration, led_sif_book
D:4:      okawaru_gym_becter, nicolae_gozag_seed_capital

Table legend:
 A = Turns spent in this place as a percentage of turns spent in the entire game.
 B = Non-inter-level travel turns spent in this place as a percentage of non-inter-level travel turns spent in the entire game.
 C = Inter-level travel turns spent in this place as a percentage of turns spent in this place.
 D = Turns resting spent in this place as a percentage of non-inter-level travel turns spent in this place.
 E = Turns spent auto-exploring this place as a percentage of non-inter-level travel turns spent in this place.
 F = Non-inter-level travel turns spent in this place divided by the number of levels of this place that you've seen.
                   A       B       C       D       E      F
               +-------+-------+-------+-------+-------+----------------------
         Total | 100.0 | 100.0 |  10.6 |  26.4 |  44.0 | 939.8
       Dungeon | 100.0 | 100.0 |  10.6 |  26.4 |  44.0 | 939.8
               +-------+-------+-------+-------+-------+----------------------

Table legend:
 A = Kills in this place as a percentage of kills in entire the game.
 B = Kills by you in this place as a percentage of kills by you in the entire game.
 C = Kills by friends in this place as a percentage of kills by friends in the entire game.
 D = Other kills in this place as a percentage of other kills in the entire game.
 E = Experience gained in this place as a percentage of experience gained in the entire game.
 F = Experience gained in this place divided by the number of levels of this place that you have seen.
                   A       B       C       D       E      F
               +-------+-------+-------+-------+-------+----------------------
         Total | 100.0 | 100.0 |   N/A |   N/A | 100.0 | 132.0
       Dungeon | 100.0 | 100.0 |   N/A |   N/A | 100.0 | 132.0
               +-------+-------+-------+-------+-------+----------------------
